 Dungeon Crawl Stone Soup version 0.25.1-2-g60ff931df9 (webtiles) character file.

Game seed: 3005757330681821061

132 pokeman the Magician (level 4, -5/24 HPs)
             Began as a Deep Elf Wizard on Oct 8, 2020.
             Slain by an iguana (10 damage)
             ... on level 3 of the Dungeon.
             The game lasted 00:08:12 (3080 turns).

pokeman the Magician (Deep Elf Wizard)              Turns: 3080, Time: 00:08:12

Health: -5/24      AC:  8    Str:  4    XL:     4   Next: 92%
Magic:  6/14       EV: 12    Int: 24    God:
Gold:   94         SH:  0    Dex: 13    Spells: 4/15 levels left

rFire    . . .     SeeInvis .   c - +0 hand axe (vamp)
rCold    . . .     Gourm    .   (no shield)
rNeg     . . .     Faith    .   j - +3 leather armour
rPois    .         Spirit   .   b - +0 hat
rElec    .         Reflect  .   f - +1 cloak
rCorr    .         Harm     .   (no gloves)
MR       .....                  (no boots)
Stlth    ++........             (no amulet)
HPRegen  0.08/turn              (no ring)
MPRegen  0.14/turn              (no ring)

@: very slightly contaminated
A: no striking features
a: no special abilities


You were on level 3 of the Dungeon.
You were hungry.

You visited 1 branch of the dungeon, and saw 3 of its levels.

You collected 94 gold pieces.

Inventory:

Hand Weapons
 c - a +0 vampiric hand axe (weapon)
Missiles
 e - 47 bolts
Armour
 b - a +0 hat (worn)
 f - a +1 cloak (worn)
 j - a +3 leather armour (worn)
Wands
 h - a wand of clouds (5)
Scrolls
 a - a scroll of teleportation
 g - a scroll of blinking
Comestibles
 d - 4 rations


   Skills:
 + Level 0.3 Fighting
 + Level 0.0 Armour
 - Level 3.1 Dodging
 - Level 3.0 Stealth
 + Level 6.2 Spellcasting
 + Level 2.7 Conjurations
 - Level 1.1 Summonings
 - Level 1.1 Translocations


You had 4 spell levels left.
You knew the following spells:

 Your Spells              Type           Power        Failure   Level  Hunger
a - Magic Dart            Conj           ###.         4%          1    None
b - Mephitic Cloud        Conj/Pois/Air  ##......     28%         3    None
c - Call Imp              Summ           ##......     13%         2    None
d - Blink                 Tloc           N/A          13%         2    None
e - Conjure Flame         Conj/Fire      ##......     24%         3    None

Your spell library contained the following spells:

 Spells                   Type           Power        Failure   Level  Hunger
 Slow                     Hex            #.......     22%         2    None


Dungeon Overview and Level Annotations

Branches:
Dungeon (3/15)

Altars:


Message History

The iguana is severely wounded.
The iguana barely misses you.
Casting: Magic Dart (safe; 4% risk of failure)
Confirm with . or Enter, or press ? or * to list all spells.
Aiming: Magic Dart (safe; 4% risk of failure)
Press: ? - help, Shift-Dir - straight line, f/p - iguana
Aim: an iguana (severely wounded)
The magic dart hits the iguana but does no damage.
The iguana is severely wounded.
The iguana bites you!
* * * LOW HITPOINT WARNING * * *
Casting: Magic Dart (safe; 4% risk of failure)
Confirm with . or Enter, or press ? or * to list all spells.
Aiming: Magic Dart (safe; 4% risk of failure)
Press: ? - help, Shift-Dir - straight line, f/p - iguana
Aim: an iguana (severely wounded)
The magic dart hits the iguana.
The iguana is almost dead.
The iguana bites you!
You die...

.##.#.#.#..##.##.####
.. ..........##.##.#
... .........##.##.#
#..#.#.#.#..##.##.#
#..#.#.#.#..##.##.#
#...........##.##.#
#.................#
+........##.##.####
#..#.#@####.##.# #l#
#.##.# #.# #.##.# ...
.....# ... .....#
...## #.# .# .... ...
.####


You could see an iguana.

Vanquished Creatures
  Ijyb (D:3)
  Robin (D:3)
  3 adders
  3 dart slugs
  2 leopard geckos
  An orc (D:3)
  2 giant cockroaches (D:1)
  11 goblins
  5 hobgoblins
  6 jackals (D:1)
  12 bats
  2 frilled lizards (D:2)
  7 kobolds
  3 rats
59 creatures vanquished.

Notes
Turn   | Place    | Note
-------+----------+-------------------------------------------
     0 | D:1      | pokeman the Deep Elf Wizard began the quest for the Orb.
     0 | D:1      | Reached XP level 1. HP: 10/10 MP: 7/7
   323 | D:1      | Reached skill level 5 in Spellcasting
   323 | D:1      | Reached XP level 2. HP: 15/15 MP: 5/10
   731 | D:1      | Lost strength.
  1105 | D:1      | Reached XP level 3. HP: 19/19 MP: 8/12
  1858 | D:2      | Reached XP level 4. HP: 19/24 MP: 7/13
  2443 | D:3      | Learned a level 3 spell: Mephitic Cloud
  2446 | D:3      | Learned a level 2 spell: Call Imp
  2449 | D:3      | Learned a level 2 spell: Blink
  2453 | D:3      | Learned a level 3 spell: Conjure Flame
  2475 | D:3      | Reached skill level 6 in Spellcasting
  2543 | D:3      | Noticed Ijyb
  2553 | D:3      | Killed Ijyb
  2646 | D:3      | Noticed Robin
  2664 | D:3      | Killed Robin
  3080 | D:3      | Slain by an iguana

Illustrated notes

Levels and vault maps discovered:
D:1:      grunt_arrival_lava_bath, layout_basic
D:2:      layout_basic, minmay_misc_feat_tiny
D:3:      layout_basic, grunt_temple_overflow_opulence, uniq_ijyb, uniq_sigmund,
          uniq_robin

Skill      XL: |  1  2  3  4 |
---------------+-------------+-----
Spellcasting   | 5 6 |  6.2
Conjurations   | 2 |  2.7
Dodging        | 3 |  3.1
Stealth        | 3 |  3.0
Fighting       | |  0.3
Summonings     | |  1.1
Translocations | |  1.1

Action                   |  1- 3 |  4- 6 || total
-------------------------+-------+-------++-------
Melee: Unarmed           |    13 |       ||    13
       Hand axe          |       |    19 ||    19
 Cast: Magic Dart        |   104 |    36 ||   140
       Conjure Flame     |       |     2 ||     2
       Mephitic Cloud    |       |     2 ||     2
       Call Imp          |       |     1 ||     1
  Use: Scroll            |     5 |     1 ||     6
       Potion            |     1 |       ||     1
  Eat: Chunk             |     4 |     4 ||     8
Armor: Robe              |    14 |       ||    14
       Leather armour    |       |    15 ||    15
Dodge: Dodged            |    40 |    19 ||    59
